 Dungeon Crawl Stone Soup version 0.29-a0-82-g837932c90e (webtiles) character file.

Game seed: 12982268249826190948

1017 dmks the Grappler (level 8, -2/59 HPs)
             Began as a Yellow Draconian Transmuter on Feb 4, 2022.
             Was a Priest of Okawaru.
             Slain by a bullfrog (6 damage)
             ... on level 5 of the Dungeon.
             The game lasted 00:15:06 (4742 turns).

dmks the Grappler (Yellow Draconian Transmuter)     Turns: 4742, Time: 00:15:06

Health: -2/59      AC:  7    Str: 13    XL:     8   Next: 1%
Magic:  5/11       EV: 12    Int: 15    God:    Okawaru [***...]
Gold:   227        SH:  0    Dex: 12    Spells: 5/11 levels left

rFire   . . .      SeeInvis .     - Unarmed
rCold   . . .      Faith    .   (no shield)
rNeg    . . .      Spirit   .   (armour unavailable)
rPois   .          Reflect  .   (helmet currently unavailable)
rElec   .          Harm     .   d - +0 cloak
rCorr   +          Rampage  .   (no gloves)
Will    .....                   (boots currently unavailable)
Stlth   +.........              (no amulet)
HPRegen 0.19/turn               h - ring of flight
MPRegen 0.12/turn               (no ring)

@: appendages, wereblooded, flying
A: horns 2, talons 2, spit acid, AC +6, unfitting armour, cold-blooded, acid
resistance
a: Breathe Acid, End Transformation, Renounce Religion, Heroism


You were on level 5 of the Dungeon.
You worshipped Okawaru.
Okawaru was most pleased with you.
You had temporarily grown beastly horns and talons.
You visited 1 branch of the dungeon, and saw 6 of its levels.

You collected 227 gold pieces.

Inventory:

Armour
 d - a +0 cloak (worn)
   (You found it on level 1 of the Dungeon)
Jewellery
 h - a ring of flight (left hand)
   (You found it on level 4 of the Dungeon)
 k - a ring of protection from cold
   (You found it on level 4 of the Dungeon)
 o - a ring of protection from cold
   (You found it on level 1 of the Dungeon)
Scrolls
 a - 2 scrolls of identify {@r1}
 i - a scroll of magic mapping {unknown}
 l - a scroll of enchant weapon {unknown}
 m - a scroll of enchant armour {unknown}
Potions
 b - a potion of cancellation {unknown}
 c - 2 potions of curing {@q1}
 e - a potion of attraction {unknown}
 f - 2 potions of brilliance {unknown}
 g - a potion of resistance {unknown}
 j - a potion of flight {unknown}


   Skills:
 - Level 1.6 Fighting
 - Level 2.0 Dodging
 - Level 0.5 Stealth
 - Level 8.0 Unarmed Combat
 - Level 2.2 Spellcasting
 + Level 5.4 Transmutations


You had 5 spell levels left.
You knew the following spells:

 Your Spells              Type           Power      Damage    Failure   Level
a - Beastly Appendage     Tmut           36%        N/A       2%          1
b - Wereblood             Tmut           18%        N/A       3%          2
x - Spider Form           Tmut/Pois      9%         N/A       22%         3

Your spell library contained the following spells:

 Spells                   Type           Power      Damage    Failure   Level
 Passwall                 Tmut/Erth      7%         N/A       11%         2
 Corpse Rot               Necr/Air       2%         N/A       32%         2
 Ensorcelled Hibernation  Hex/Ice        2%         N/A       32%         2
 Poisonous Vapours        Pois/Air       2%         N/A       32%         2
 Swiftness                Air            1%         N/A       54%         3
 Ice Form                 Ice/Tmut       9%         N/A       56%         4


Dungeon Overview and Level Annotations

Branches:
Dungeon (6/15)
 Temple: D:4-7

Altars:
Okawaru

Shops:
D:3 *

Annotations:
D:6 Blork the orc


Innate Abilities, Weirdness & Mutations

You have temporarily grown beastly horns and talons.
You can spit globs of acid.
Your golden yellow scales are hard. (AC +6)
You cannot fit into any form of body armour.
You are cold-blooded and may be slowed by cold attacks.
You are resistant to acid. (rCorr)


Message History

The orc warrior misses you.
You see here a +0 giant club.
You hit the orc warrior but do no damage.
The orc warrior closely misses you.
You hit the orc warrior.
The orc warrior is poisoned.
You hiss as the wereblood boils in your veins!
Blork the orc comes into view.
He is wielding a +0 vorpal mace.
The orc warrior misses you.
You barely miss the orc warrior.
The bullfrog snags a nearby mosquito with its tongue.
The orc warrior hits you with a +0 glaive!
* * * LOW HITPOINT WARNING * * *
The orc warrior closely misses you.
There is a stone staircase leading up here.
The bullfrog barely misses you.
Blork the orc mumbles some strange words.
Blork the orc seems to speed up.
The orc completely misses you. The orc warrior completely misses you.
The bullfrog completely misses you.
You fly upwards.
There is a stone staircase leading down here.
You hit the orc.
The orc is poisoned.
Your transformation has ended.
Your +0 cloak unmelds from your body.
The orc misses you. The bullfrog hits you.
* * * LOW HITPOINT WARNING * * *
You grow a pair of large bovine horns.
Your feet morph into talons.
The bullfrog hits you.
* * * LOW HITPOINT WARNING * * *
The orc barely misses you. The bullfrog barely misses you.
The orc closely misses you. The bullfrog closely misses you.
You feel a bit better.
You kill the orc!
Okawaru accepts your kill.
You hit the bullfrog.
You claw the bullfrog, but do no damage.
The bullfrog hits you but does no damage.
You closely miss the bullfrog. Your headbutt misses the bullfrog.
You howl as the wereblood boils in your veins!
The bullfrog hits you.
* * * LOW HITPOINT WARNING * * *
The bullfrog hits you but does no damage.
You fail to extend your transformation any further.
The bullfrog hits you.
* * * LOW HITPOINT WARNING * * *
You howl as the wereblood boils in your veins!
The bullfrog hits you.
* * * LOW HITPOINT WARNING * * *
The bullfrog hits you.
You die...

#### #.####..# #.##.# ...# #.#
#..####.##.# ...#
#.#####......##.# ...#
#.....#..######.# ...#
###.....##..# #.# ...#
#.......##..#####.#
...###.#......#.....##.#
..†.##.###.#####.)#.##.#
.......# ###....@F..##.#
....#### #.#.####.####.##
.....#####.#.####.......#
###..#.....#....###.#####
#..#.###.###.## #.# #########
#..#.# #.###.########.......#
####.###..............#####.###
#.#<..###.####.............#
#...#.#...# #.##....####=.#


You could see a bullfrog.

Vanquished Creatures
  Sigmund (D:2)
  A black bear (D:5)
  A necrophage (D:4)
  An ogre (D:6)
  A phantom (D:5)
  2 scorpions
  2 bullfrog zombies (D:5)
  A centaur zombie (D:4)
  3 hounds
  An iguana (D:5)
  An orc wizard (D:4)
  A hound zombie (D:5)
  A hound skeleton (D:4)
  6 adders
  An ufetubus (D:5)
  2 worms
  A dart slug (D:5)
  5 orcs
  9 ball pythons
  6 bats
  3 endoplasms
  6 giant cockroaches
  9 hobgoblins
  5 jackals
  2 quokkas
  3 frilled lizards
  6 goblins
  5 kobolds
  4 rats
90 creatures vanquished.

Notes
Turn   | Place    | Note
-------+----------+-------------------------------------------
     0 | D:1      | dmks the Draconian Transmuter began the quest for the Orb.
     0 | D:1      | Reached XP level 1. HP: 16/16 MP: 3/3
   256 | D:1      | Reached XP level 2. HP: 19/23 MP: 3/5
   341 | D:1      | Found a faded altar of an unknown god.
   426 | D:1      | Prayed at the altar of an unknown god.
   426 | D:1      | Became a worshipper of Warmaster Okawaru
   426 | D:1      | Reached * piety under Okawaru
  1043 | D:2      | Reached XP level 3. HP: 27/28 MP: 6/6
  1202 | D:2      | Noticed Sigmund
  1310 | D:3      | Learned a level 2 spell: Wereblood
  1314 | D:3      | Learned a level 3 spell: Spider Form
  1465 | D:3      | Found Jollukerph's Assorted Antiques.
  1905 | D:3      | Reached skill level 4 in Unarmed Combat
  1905 | D:3      | Reached XP level 4. HP: 29/35 MP: 3/7
  2215 | D:4      | Noticed a necrophage
  2238 | D:4      | Killed a necrophage
  2239 | D:4      | Reached XP level 5. HP: 32/40 MP: 5/8
  2264 | D:4      | Reached skill level 5 in Unarmed Combat
  2759 | D:4      | Reached ** piety under Okawaru
  2760 | D:4      | Reached XP level 6. HP: 15/47 MP: 4/9
  3563 | D:2      | Killed Sigmund
  3564 | D:2      | Reached skill level 6 in Unarmed Combat
  3564 | D:2      | Your scales start taking on a golden yellow colour.
  3564 | D:2      | Reached XP level 7. HP: 50/52 MP: 5/10
  3564 | D:2      | Gained mutation: You are resistant to acid. (rCorr) [Yellow
                  | Draconian growth]
  3619 | D:5      | Entered Level 5 of the Dungeon
  4035 | D:5      | Reached skill level 7 in Unarmed Combat
  4308 | D:5      | Reached skill level 5 in Transmutations
  4316 | D:5      | Reached *** piety under Okawaru
  4617 | D:6      | Found the +18 Lear's hauberk
  4726 | D:6      | Reached skill level 8 in Unarmed Combat
  4726 | D:6      | Reached XP level 8. HP: 37/59 MP: 5/11
  4729 | D:6      | Noticed Blork the orc
  4742 | D:5      | Slain by a bullfrog

Illustrated notes

Levels and vault maps discovered:
D:1:      saegor_arrival_simple_c, layout_rooms, chequers_ecumenical_altar_grove
D:2:      layout_loops_ring, uniq_sigmund
D:3:      layout_rooms, serial_shops, shop, minivault_23
D:4:      layout_basic, lemuel_old_faithful
D:5:      layout_basic
D:6:      layout_rooms, cheibrodos_sewer_entry_sluice, uniq_pikel,
          uniq_blork_the_orc

Skill      XL: |  1  2  3  4  5  6  7 |
---------------+----------------------+-----
Dodging        | 2 |  2.0
Unarmed Combat | 4 5 6 8 |  8.0
Transmutations | 3 4 5 |  5.4
Fighting       | |  1.6
Stealth        | |  0.5
Spellcasting   | |  2.2

Action                   |  1- 3 |  4- 6 |  7- 9 || total
-------------------------+-------+-------+-------++-------
Melee: Unarmed           |   134 |   124 |    77 ||   335
       Kick              |    12 |    23 |     7 ||    42
       Tailslap          |    14 |     9 |    12 ||    35
       Punch             |     2 |     9 |     6 ||    17
       Headbutt          |     7 |    18 |     8 ||    33
 Cast: Beastly Appendage |    18 |    15 |     9 ||    42
       Wereblood         |     5 |     4 |     1 ||    10
       Spider Form       |       |       |     1 ||     1
Invok: Heroism           |       |     2 |       ||     2
 Abil: Breathe Acid      |       |       |     1 ||     1
  Use: Scroll            |     3 |       |       ||     3
       Potion            |     1 |     1 |       ||     2
 Stab: Sleeping          |     1 |       |       ||     1
Armor: Skin              |    72 |    64 |    34 ||   170
Dodge: Dodged            |   128 |    85 |    69 ||   282

Table legend: (Time is in decaauts)
 A = Elapsed time spent in this place.
 B = Non-inter-level travel time spent in this place.
 C = Inter-level travel time spent in this place.
 D = Time resting spent in this place.
 E = Time spent auto-exploring this place.
 F = Levels seen in this place.
 G = Mean time per level.
                   A        B        C        D        E       F      G
               +--------+--------+--------+--------+--------+-----+--------+
         Total |   4717 |   4505 |    212 |    488 |   2872 |   6 |  786.2 |
       Dungeon |   4717 |   4505 |    212 |    488 |   2872 |   6 |  786.2 |
               +--------+--------+--------+--------+--------+-----+--------+

Top non-repeatable levels by time:
     D:4: 1380 daAuts
     D:5: 1078 daAuts
     D:3: 880 daAuts
     D:1: 740 daAuts
     D:2: 601 daAuts
     D:6: 35 daAuts
